 Dungeon Crawl Stone Soup version 0.29-a0-322-g68df515428 (webtiles) character file.

Game seed: 17293969060671647552

60 croobank the Firebug (level 4, -1/32 HPs)
             Began as a Gnoll Fire Elementalist on Apr 6, 2022.
             Succumbed to Robin's poison
             ... on level 2 of the Dungeon.
             The game lasted 00:05:00 (1633 turns).

croobank the Firebug (Gnoll Fire Elementalist)      Turns: 1633, Time: 00:05:01

Health: -1/32      AC:  2    Str:  8    XL:     4   Next: 4%
Magic:  1/11       EV: 13    Int: 16    God:
Gold:   101        SH:  0    Dex: 12    Spells: 10/13 levels left

rFire   . . .      SeeInvis .   a - +0 short sword
rCold   . . .      Faith    .   (no shield)
rNeg    . . .      Spirit   .   l - +0 robe
rPois   .          Reflect  .   (no helmet)
rElec   .          Harm     .   (no cloak)
rCorr   .          Rampage  .   (no gloves)
Will    .....                   (no boots)
Stlth   ++........              (no amulet)
HPRegen 0.10/turn               e - ring of flight
MPRegen 0.12/turn               (no ring)

@: lethally poisoned (-1 -> -13), flying, very slightly contaminated, invisible
A: fangs 1, strong nose, distributed training
a: no special abilities


You were on level 2 of the Dungeon.
You visited 1 branch of the dungeon, and saw 2 of its levels.

You collected 101 gold pieces.

Inventory:

Hand Weapons
 a - a +0 short sword (weapon)
Missiles
 f - 58 stones
Armour
 k - a +0 leather armour
 l - a +0 robe (worn)
Jewellery
 e - a ring of flight (left hand)
 h - an amulet of faith
Scrolls
 d - 2 scrolls of teleportation {unknown}
 i - 2 scrolls of identify {unknown}
Potions
 b - a potion of magic


   Skills:
 + Level 1.0 Fighting
 + Level 1.0 Short Blades
 + Level 1.0 Long Blades
 + Level 1.0 Axes
 + Level 1.0 Maces & Flails
 + Level 1.0 Polearms
 + Level 1.0 Staves
 + Level 1.0 Slings
 + Level 1.0 Bows
 + Level 1.0 Crossbows
 + Level 1.0 Throwing
 + Level 1.0 Armour
 + Level 4.6 Dodging
 + Level 4.2 Stealth
 + Level 1.0 Shields
 + Level 1.0 Unarmed Combat
 + Level 5.0 Spellcasting
 + Level 2.2 Conjurations
 + Level 0.7 Hexes
 + Level 0.7 Summonings
 + Level 0.7 Necromancy
 + Level 0.7 Translocations
 + Level 0.7 Transmutations
 + Level 5.4 Fire Magic
 + Level 0.7 Ice Magic
 + Level 0.7 Air Magic
 + Level 0.7 Earth Magic
 + Level 0.7 Poison Magic
 + Level 1.1 Invocations
 + Level 1.0 Evocations


You had 10 spell levels left.
You knew the following spells:

 Your Spells              Type           Power      Damage    Failure   Level
a - Foxfire               Conj/Fire      64%        2x1d7     3%          1
b - Scorch                Fire           42%        2d7       2%          2

Your spell library contained the following spells:

 Spells                   Type           Power      Damage    Failure   Level
 Conjure Flame            Conj/Fire      16%        6-21      10%         3
 Inner Flame              Hex/Fire       14%        N/A       13%         3
 Flame Wave               Conj/Fire      16%        2d6       30%         4
 Call Canine Familiar     Summ           6%         N/A       32%         3
 Portal Projectile        Hex/Tloc       12%        N/A       32%         3
 Leda's Liquefaction      Hex/Erth       3%         N/A       73%         4


Dungeon Overview and Level Annotations

Branches:
Dungeon (2/15)

Altars:


Innate Abilities, Weirdness & Mutations

You have very sharp teeth.
Your uncanny sense of smell can sniff out nearby items.
Your experience applies equally to all skills.


Message History

You hit Robin but do no damage.
Robin is almost dead.
You feel very sick.
Robin hits you with a +1 dagger of venom.
Unknown command.
You barely miss Robin.
Robin is almost dead.
You feel sick. Robin misses you.
Okay, then.
It was a potion of invisibility.
You fade into invisibility!
You feel sick.
Robin hits you with a +1 dagger of venom.
* * * LOW HITPOINT WARNING * * *
You are more poisoned.
You catch the helpless Robin completely off-guard!
You hit Robin.
You kill Robin!
* * * LOW HITPOINT WARNING * * *
You feel very sick.
Your Fighting skill increases to level 1!
Your Short Blades skill increases to level 1!
Your Long Blades skill increases to level 1!
Your Axes skill increases to level 1!
Your Maces & Flails skill increases to level 1!
Your Polearms skill increases to level 1!
Your Staves skill increases to level 1!
Your Slings skill increases to level 1!
Your Bows skill increases to level 1!
Your Crossbows skill increases to level 1!
Your Throwing skill increases to level 1!
Your Armour skill increases to level 1!
Your Shields skill increases to level 1!
Your Unarmed Combat skill increases to level 1!
Your Evocations skill increases to level 1!
You have reached level 4!
You feel stronger.
Okay, then.
As you read the scroll labelled IZEVVU ESIMEC, it crumbles to dust.
The scroll dissolves into smoke.
It was a scroll of fog.
You die...

#..).# #....#
#..g.#
##....###########
.................
.........#########
...............§§#
######.#.#.#####§#
.......)....).§§@#
######.#.#########
#.#... #.##### #.#
#.# #.# #.#


There were no monsters in sight!

Vanquished Creatures
  Robin (D:2)
  2 dart slugs (D:1)
  2 ball pythons (D:1)
  3 bats (D:1)
  An endoplasm (D:1)
  A giant cockroach (D:1)
  11 goblins
  7 hobgoblins
  6 kobolds
  A quokka (D:1)
  A frilled lizard (D:1)
  4 rats
40 creatures vanquished.

Vanquished Creatures (others)
  52 foxfires
52 creatures vanquished.

Grand Total: 92 creatures vanquished

Notes
Turn   | Place    | Note
-------+----------+-------------------------------------------
     0 | D:1      | croobank the Gnoll Fire Elementalist began the quest for
                  | the Orb.
     0 | D:1      | Reached XP level 1. HP: 13/13 MP: 6/6
   236 | D:1      | Reached XP level 2. HP: 19/19 MP: 5/7
   240 | D:1      | Learned a level 2 spell: Scorch
   586 | D:1      | Found a faded altar of an unknown god.
   816 | D:1      | Reached XP level 3. HP: 25/25 MP: 5/9
   919 | D:1      | Reached skill level 5 in Spellcasting
  1519 | D:2      | Reached skill level 1 in Invocations
  1520 | D:2      | Noticed Robin
  1632 | D:2      | Killed Robin
  1632 | D:2      | HP: 1/25 [poisoned by Robin]
  1633 | D:2      | Reached skill level 1 in Fighting
  1633 | D:2      | Reached skill level 1 in Short Blades
  1633 | D:2      | Reached skill level 1 in Long Blades
  1633 | D:2      | Reached skill level 1 in Axes
  1633 | D:2      | Reached skill level 1 in Maces & Flails
  1633 | D:2      | Reached skill level 1 in Polearms
  1633 | D:2      | Reached skill level 1 in Staves
  1633 | D:2      | Reached skill level 1 in Slings
  1633 | D:2      | Reached skill level 1 in Bows
  1633 | D:2      | Reached skill level 1 in Crossbows
  1633 | D:2      | Reached skill level 1 in Throwing
  1633 | D:2      | Reached skill level 1 in Armour
  1633 | D:2      | Reached skill level 1 in Shields
  1633 | D:2      | Reached skill level 1 in Unarmed Combat
  1633 | D:2      | Reached skill level 1 in Evocations
  1633 | D:2      | Reached XP level 4. HP: 2/32 MP: 0/11
  1633 | D:2      | Succumbed to Robin's poison

Illustrated notes

Levels and vault maps discovered:
D:1:      dpeg_arrival_central, layout_loops_corners,
          hellmonk_ecumenical_altar_crossroads, minmay_tall_x
D:2:      layout_basic, uniq_crazy_yiuf_cottage, uniq_robin

Skill      XL: |  1  2  3 |
---------------+----------+-----
Conjurations   | 2 |  2.2
Spellcasting   | 5 |  5.0
Invocations    | 1 |  1.1
Fighting       | 1 |  1.0
Short Blades   | 1 |  1.0
Long Blades    | 1 |  1.0
Axes           | 1 |  1.0
Maces & Flails | 1 |  1.0
Polearms       | 1 |  1.0
Staves         | 1 |  1.0
Slings         | 1 |  1.0
Bows           | 1 |  1.0
Crossbows      | 1 |  1.0
Throwing       | 1 |  1.0
Armour         | 1 |  1.0
Shields        | 1 |  1.0
Unarmed Combat | 1 |  1.0
Evocations     | 1 |  1.0
Dodging        | |  4.6
Stealth        | |  4.2
Hexes          | |  0.7
Summonings     | |  0.7
Necromancy     | |  0.7
Translocations | |  0.7
Transmutations | |  0.7
Fire Magic     | |  5.4
Ice Magic      | |  0.7
Air Magic      | |  0.7
Earth Magic    | |  0.7
Poison Magic   | |  0.7

Action                   |  1- 3 |  4- 6 || total
-------------------------+-------+-------++-------
Melee: Unarmed           |     8 |       ||     8
       Short sword       |     8 |       ||     8
 Cast: Foxfire           |    29 |       ||    29
       Scorch            |    20 |       ||    20
  Use: Potion            |     2 |       ||     2
       Scroll            |       |     1 ||     1
 Stab: Invisible         |     1 |       ||     1
Armor: Robe              |     4 |       ||     4
Dodge: Dodged            |    12 |       ||    12

Table legend: (Time is in decaauts)
 A = Elapsed time spent in this place.
 B = Non-inter-level travel time spent in this place.
 C = Inter-level travel time spent in this place.
 D = Time resting spent in this place.
 E = Time spent auto-exploring this place.
 F = Levels seen in this place.
 G = Mean time per level.
                   A        B        C        D        E       F      G
               +--------+--------+--------+--------+--------+-----+--------+
         Total |   1633 |   1580 |     53 |     69 |   1224 |   2 |  816.5 |
       Dungeon |   1633 |   1580 |     53 |     69 |   1224 |   2 |  816.5 |
               +--------+--------+--------+--------+--------+-----+--------+

Top non-repeatable levels by time:
     D:1: 1492 daAuts
     D:2: 140 daAuts
